 Dungeon Crawl Stone Soup version bcrawl-1.35.4c (webtiles) character file.

Game seed: 17700947425388694299

357341 SneedManIsMyWife the Cleaver (level 9, -5/62 HPs)
             Began as a Skeleton Fighter on Feb 8, 2022.
             Was a Believer of Makhleb.
             Slain by Gastronok (28 damage)
             ... on level 8 of the Dungeon.
             The game lasted 00:05:14 (5060 turns).

SneedManIsMyWife the Cleaver (Skeleton Fighter)     Turns: 5060, Time: 00:05:15

Health: -5/62      AC: 12    Str: 27    XL:     9   Next: 50%
Magic:  0/9        EV:  5    Int:  6    God:    Makhleb [**....]
Gold:   375        SH:  9    Dex:  8    Spells: 8/8 levels left

rFire    . . .     SeeInvis .   p - +5 hand axe (curse)
rCold    + . .     Gourm    .   c - +0 medium shield
rNeg     + + +     Faith    .   g - +0 chain mail
rPois    ∞         Spirit   +   (no helmet)
rElec    .         Reflect  .   i - +2 cloak
rCorr    .                      (no gloves)
MR       +....                  (no boots)
Stlth    ..........             (no amulet)
HPRegen  0.20/turn              m - ring of wizardry
MPRegen  0.11/turn              (no ring)

@: slowed, very slow
A: no food or potions, cold resistance 1, deterioration 1, negative energy
resistance 3, powered by death 1, torment resistance, unbreathing, magic shield,
sturdy frame 1, spell healing
a: Minor Destruction, Renounce Religion


You were on level 8 of the Dungeon.
You worshipped Makhleb.
Makhleb was pleased with you.
You were not hungry.

You visited 2 branches of the dungeon, and saw 9 of its levels.

You collected 375 gold pieces.

Inventory:

Hand Weapons
 a - a +0 war axe
 p - a cursed +5 hand axe (weapon)
   (You took it off a wight on level 7 of the Dungeon)
Missiles
 y - 55 poisoned tomahawks (quivered)
Armour
 b - a +0 scale mail
 c - a +0 medium shield (worn)
 g - a +0 chain mail (worn)
   (You found it on level 1 of the Dungeon)
 i - a +2 cloak (worn)
   (You found it on level 2 of the Dungeon)
 o - the +2 cloak of Viny the Good {*Drain +Inv rF++ Str+3, unknown}
   (You found it on level 6 of the Dungeon)

   It affects your strength (+3).
   It greatly protects you from fire.
   It lets you turn invisible.
   It causes draining when unequipped.
Jewellery
 m - a ring of wizardry (left hand)
   (You found it on level 5 of the Dungeon)
 s - an uncursed ring of poison resistance {unknown}
   (You found it on level 7 of the Dungeon)
 u - the amulet "Niecoo Vaev" {Inacc rF+, unknown}
   (You found it on level 7 of the Dungeon)

   [amulet of inaccuracy]

   It reduces the accuracy of all your attacks.
   It protects you from fire.
Wands
 l - a wand of random effects (5)
   (You found it on level 4 of the Dungeon)
 v - a wand of digging (5)
   (You took it off Joseph on level 6 of the Dungeon)
 x - a wand of iceblast (7)
   (You found it on level 7 of the Dungeon)
Scrolls
 d - 2 scrolls of enchant armour
 e - 4 scrolls of magic mapping
 f - 2 scrolls of immolation {unknown}
 h - a scroll of enchant weapon
 j - a scroll of fog
 k - a scroll of noise {unknown}
 n - a scroll of summoning {unknown}
 q - a scroll of amnesia {unknown}
 r - 6 scrolls of identify
 t - a scroll of vulnerability {unknown}
 w - 3 scrolls of remove curse
 z - 2 scrolls of blinking


   Skills:
 + Level 9.8 Fighting
 + Level 11.2 Axes
 - Level 3.2 Armour
 - Level 3.6 Shields


You had 8 spell levels left.
You didn't know any spells.
Your spell library contained the following spells:

 Spells                   Type           Power        Failure   Level  Hunger
 Corona                   Hex            #......      100%        1    N/A
 Freeze                   Ice            #.....       100%        1    N/A
 Sandblast                Erth           #.....       100%        1    N/A
 Ensorcelled Hibernation  Hex/Ice        #.....       100%        2    N/A
 Passwall                 Tmut/Erth      #.......     100%        2    N/A
 Sticks to Snakes         Tmut           #.......     100%        2    N/A
 Throw Frost              Conj/Ice       #.....       100%        2    N/A
 Confuse                  Hex            #.......     100%        3    N/A
 Dazzling Orbs            Conj/Hex       #......      100%        3    N/A
 Ozocubu's Armour         Chrm/Ice       #.......     100%        3    N/A
 Stone Arrow              Conj/Erth      #.....       100%        3    N/A
 Tukima's Dance           Hex            #.......     100%        3    N/A
 Cause Fear               Hex            #.........   100%        4    N/A
 Petrify                  Tmut/Erth      #.........   100%        4    N/A
 Summon Ice Beast         Ice/Summ       #.......     100%        4    N/A
 Throw Icicle             Conj/Ice       #.......     100%        4    N/A
 Lee's Rapid Deconstruct  Erth           #.........   100%        5    N/A
 Beastly Appendage        Tmut           Unusable     N/A         1    N/A
 Spider Form              Tmut/Pois      Unusable     N/A         3    N/A
 Ice Form                 Ice/Tmut       Unusable     N/A         4    N/A
 Blade Hands              Tmut           Unusable     N/A         5    N/A

Dungeon Overview and Level Annotations

Branches:
Dungeon (8/12)             Temple (1/1) D:4
   Lair: D:7-9          Orc: D:8-11

Altars:
Ashenzari
Cheibriados
Dithmenos
Elyvilon
Gozag
Hepliaklqana
Kikubaaqudgha
Lugonu
Makhleb
Nemelex Xobeh
Okawaru
Ru
Sif Muna
Trog
Uskayaw
Vehumet
Wu Jian
Xom
Yredelemnul
Zin
The Shining One

Shops:
D:6 ((   D:7 (

Annotations:
D:6 3 runed doors, tronn's ghost, amateur GnSp
D:7 1 runed door
D:8 Gastronok


Innate Abilities, Weirdness & Mutations

You do not eat or drink.
You are immune to poison.
Your flesh is cold resistant. (rC+)
Your body sometimes deteriorates upon taking damage.
You are immune to negative energy. (rN+++)
You regenerate a little health from kills.
You are immune to unholy pain and torment.
You can survive without breathing.
When hurt, damage is shared between your health and your magic reserves.
Your movements are slightly less encumbered by armour. (ER -2)
Casting spells heals you.


Message History

HP restored.
You climb downwards.
Level annotation: Gastronok A rune on the stairs sparks and fizzles.
The orc hits you but does no damage.
There is a stone staircase leading up here.
You slash the orc!
You kill the orc!
Makhleb accepts your kill.
You slash the orc warrior!
The orc warrior is moderately wounded.
The orc warrior hits you with a +0 flail!
The orc drinks a potion.
The orc seems to grow stronger.
Your shield and chain mail prevent you from hitting the orc warrior.
The orc warrior is moderately wounded.
You closely miss the orc warrior.
The orc warrior is moderately wounded.
You block the orc warrior's attack.
You hit the orc warrior.
The orc warrior is heavily wounded.
The orc warrior closely misses you.
You hit the orc warrior but do no damage.
The orc warrior is heavily wounded.
You slash the orc warrior!
You kill the orc warrior!
Makhleb accepts your kill.
You slash the necrophage!
The necrophage is severely damaged.
You hit the necrophage.
The necrophage is almost destroyed.
You block the necrophage's attack. The necrophage barely misses you.
You closely miss the necrophage.
The necrophage is almost destroyed.
You block the necrophage's attack.
Your shield and chain mail prevent you from hitting the necrophage.
The necrophage is almost destroyed.
You slash the necrophage!
You destroy the necrophage!
Makhleb accepts your kill.
You feel better.
You hit the orc but do no damage. The orc barely misses you.
You slash the orc!
You kill the orc!
Makhleb accepts your kill.
Gastronok's eyestalks quiver as he mumbles some strange words.
You slice the bat!!
You kill the bat!
The bat's corpse disappears in a puff of smoke!
You slash Gastronok!
Gastronok is lightly wounded.
Gastronok sloshes about.
Gastronok looks at you while chanting.
You struggle to resist.
You slash Gastronok!
Gastronok is lightly wounded.
Gastronok bites you!
You slice Gastronok!!
Gastronok is moderately wounded.
You block Gastronok's attack.
You hit Gastronok.
Gastronok is moderately wounded.
You hit Gastronok.
Gastronok is moderately wounded.
Gastronok's eyestalks quiver as he mumbles some strange words.
You slash Gastronok!
Gastronok is heavily wounded.
Gastronok bubbles merrily.
Gastronok mumbles some strange words.
You hit Gastronok.
Gastronok is heavily wounded.
The river rat disappears in a puff of smoke!
Gastronok's eyestalks quiver as he mumbles some strange words.
You block Gastronok's attack.
You slash Gastronok!
Gastronok is heavily wounded.
The crimson imp shouts, "Kneel, thou bumbling dread-bolted erk!"
Gastronok bites you!
You slash Gastronok!
Gastronok is heavily wounded.
The river rat twitches its whiskers.
Gastronok bites you but does no damage.
You hit Gastronok.
Gastronok is heavily wounded.
You slice Gastronok!!
Gastronok is severely wounded.
Gastronok bites you!!
You hit Gastronok.
Gastronok is severely wounded.
Gastronok looks at you while chanting.
You feel yourself slow down.
You slash Gastronok!
Gastronok is severely wounded.
Gastronok glows a brilliant shade of cerise.
Gastronok bites you!
Evoke which item? (* to show all) (? for menu, Esc to quit)
Okay, then.
You hit Gastronok.
Gastronok is severely wounded.
Gastronok bites you!!
You die...

....wo..#
.######.###
..........#
.######.#.##
#....####
####....#
##.#r##
#..5r###
##.#5w@#
#..####
......
#####.## #.#
#. #.


You could see Gastronok, a crimson imp, 2 river rats and a shadow imp.

Vanquished Creatures
  Joseph (D:6)
  A troll (D:8)
  Eustachio (D:4)
  2 orc warriors
  An ice beast (D:4)
  A black bear (D:7)
  A phantom (D:6)
  2 sky beasts
  An ogre (D:6)
  A necrophage (D:8)
  3 bullfrogs
  A big kobold (D:6)
  A scorpion (D:7)
  5 wights
  A howler monkey (D:4)
  2 crimson imps
  2 bullfrog zombies
  2 centaur zombies
  2 hounds
  3 jellies
  An orc wizard (D:4)
  A bullfrog skeleton (D:5)
  2 iguanas
  3 worker ants
  2 killer bee zombies
  A hound zombie (D:8)
  2 worker ant zombies
  4 adders
  11 gnolls
  A howler monkey skeleton (D:4)
  3 shadow imps
  An adder zombie (D:6)
  2 worms (D:3)
  2 dart slugs
  A leopard gecko (D:1)
  15 orcs
  A ball python (D:1)
  7 giant cockroaches
  4 hobgoblins
  8 jackals
  6 quokkas
  9 bats
  4 frilled lizards
  6 goblins
  11 kobolds
  A quokka skeleton (D:3)
  3 rats
146 creatures vanquished.

Notes
Turn   | Place    | Note
-------+----------+-------------------------------------------
     0 | D:1      | SneedManIsMyWife the Skeleton Fighter began the quest for
                  | the Orb.
     0 | D:1      | Reached XP level 1. HP: 14/14 MP: 1/1
   248 | D:1      | Reached skill level 3 in Axes
   248 | D:1      | Reached XP level 2. HP: 14/19 MP: 2/2
   742 | D:1      | Reached XP level 3. HP: 23/23 MP: 3/3
  1413 | D:3      | Reached skill level 4 in Axes
  1414 | D:3      | Reached skill level 4 in Fighting
  1617 | D:3      | Reached XP level 4. HP: 28/29 MP: 4/4
  2022 | D:4      | Reached XP level 5. HP: 34/34 MP: 3/5
  2051 | D:4      | Reached skill level 5 in Axes
  2104 | D:4      | Reached skill level 5 in Fighting
  2348 | D:4      | Gained mutation: You regenerate a little health from kills.
                  | [Skeleton growth]
  2348 | D:4      | Reached XP level 6. HP: 28/40 MP: 3/6
  2348 | D:4      | Noticed an ice beast
  2352 | D:4      | Reached skill level 6 in Axes
  2355 | D:4      | Killed an ice beast
  2391 | D:4      | Found a staircase to the Ecumenical Temple.
  2400 | Temple   | Entered the Ecumenical Temple
  2414 | Temple   | Became a worshipper of Makhleb the Destroyer
  2486 | D:4      | Noticed Eustachio
  2496 | D:4      | Reached skill level 6 in Fighting
  2504 | D:4      | Reached XP level 7. HP: 36/46 MP: 5/7
  2544 | D:4      | Killed Eustachio
  2545 | D:4      | Reached skill level 7 in Axes
  2721 | D:5      | Entered Level 5 of the Dungeon
  2947 | D:5      | Reached skill level 7 in Fighting
  2947 | D:5      | Reached skill level 8 in Axes
  2977 | D:6      | Reached XP level 8. HP: 53/53 MP: 8/8
  3086 | D:6      | Reached skill level 9 in Axes
  3231 | D:6      | Noticed tronn's ghost (amateur GnSp)
  3232 | D:6      | Found a runed gate.
  3233 | D:6      | Found a runed gate.
  3233 | D:6      | Found a runed gate.
  3255 | D:6      | Reached * piety under Makhleb
  3256 | D:6      | Reached skill level 8 in Fighting
  3471 | D:6      | Found Yfautia's Weapon Boutique.
  3487 | D:6      | Found Yfuof's Antique Weapon Boutique.
  3508 | D:6      | Found a shimmering altar of Xom.
  3688 | D:6      | Found a basalt altar of Yredelemnul.
  3726 | D:6      | Got a scorched cloak
  3766 | D:7      | Noticed Joseph
  3788 | D:6      | Reached skill level 10 in Axes
  3796 | D:6      | Killed Joseph
  3797 | D:6      | Reached skill level 9 in Fighting
  3797 | D:6      | Reached XP level 9. HP: 16/60 MP: 2/9
  4034 | D:7      | Found Peohuev's Weapon Shoppe.
  4151 | D:7      | Found a white marble altar of Elyvilon.
  4153 | D:7      | Found a shimmering altar of Xom.
  4154 | D:7      | Found a hide-covered altar of Uskayaw.
  4155 | D:7      | Found an iron altar of Okawaru.
  4155 | D:7      | Found a sacrificial altar of Ru.
  4298 | D:7      | Got a clouded steel amulet
  4515 | D:7      | Found a runed door.
  4800 | D:8      | Noticed a troll
  4817 | D:8      | Killed a troll
  4818 | D:8      | Reached skill level 11 in Axes
  4917 | D:8      | Reached ** piety under Makhleb
  4924 | D:8      | Noticed Gastronok
  5060 | D:8      | Slain by Gastronok

Skill      XL: |  1  2  3  4  5  6  7  8  9 |
---------------+----------------------------+-----
Axes           | 3 4 5 6 8 10 11 | 11.2
Fighting       | 4 5 6 7 9 |  9.8
Armour         | |  3.2
Shields        | |  3.6

Action                   |  1- 3 |  4- 6 |  7- 9 || total
-------------------------+-------+-------+-------++-------
Melee: War axe           |   182 |   137 |   229 ||   548
       Hand axe          |       |       |    97 ||    97
Evoke: Wand              |       |       |     1 ||     1
  Use: Scroll            |       |       |     6 ||     6
Armor: Scale mail        |    33 |       |       ||    33
       Chain mail        |   112 |   141 |   180 ||   433
Dodge: Dodged            |    39 |    28 |    52 ||   119
Block: Medium shield     |   108 |   108 |   186 ||   402

Levels and vault maps discovered:
D:1:      dpeg_arrival_round_a, layout_loops_cross
D:2:      layout_rooms, first_ration
D:3:      layout_basic, fedhas_altar_4
D:4:      layout_rooms, minmay_temple_entry_wispy, uniq_eustachio
D:5:      layout_cave_pools
D:6:      layout_cave_pools, nicolae_yredelemnul_ghost_church, serial_shops,
          nicolae_shop_temple_entry_statues_fountains, shop_statue, basic_altar,
          kennysheep_generic_room_15
D:7:      layout_basic, grunt_temple_overflow_open, serial_shops,
          nicolae_shop_behind_doors, uniq_crazy_yiuf_cottage, uniq_joseph
D:8:      layout_rooms, hangedman_ranch [blue_anna_fruit_fields], uniq_gastronok
Temple:   lightli_temple_of_artemis

Table legend:
 A = Turns spent in this place as a percentage of turns spent in the entire game.
 B = Non-inter-level travel turns spent in this place as a percentage of non-inter-level travel turns spent in the entire game.
 C = Inter-level travel turns spent in this place as a percentage of turns spent in this place.
 D = Turns resting spent in this place as a percentage of non-inter-level travel turns spent in this place.
 E = Turns spent auto-exploring this place as a percentage of non-inter-level travel turns spent in this place.
 F = Non-inter-level travel turns spent in this place divided by the number of levels of this place that you've seen.
                   A       B       C       D       E      F
               +-------+-------+-------+-------+-------+----------------------
         Total | 100.0 | 100.0 |   3.4 |   8.5 |  70.6 | 543.2
       Dungeon |  99.4 |  99.7 |   3.2 |   8.5 |  70.7 | 609.0
        Temple |   0.6 |   0.3 |  41.4 |   0.0 |  35.3 |  17.0
               +-------+-------+-------+-------+-------+----------------------

Table legend:
 A = Kills in this place as a percentage of kills in entire the game.
 B = Kills by you in this place as a percentage of kills by you in the entire game.
 C = Kills by friends in this place as a percentage of kills by friends in the entire game.
 D = Other kills in this place as a percentage of other kills in the entire game.
 E = Experience gained in this place as a percentage of experience gained in the entire game.
 F = Experience gained in this place divided by the number of levels of this place that you have seen.
                   A       B       C       D       E      F
               +-------+-------+-------+-------+-------+----------------------
         Total | 100.0 | 100.0 |   N/A |   N/A | 100.0 | 462.8
       Dungeon | 100.0 | 100.0 |   N/A |   N/A | 100.0 | 520.6
               +-------+-------+-------+-------+-------+----------------------
